 Dungeon Sprint DCSS version 0.20-a0-556-g892c87b (webtiles) character file.

47 dvd the Basher (level 7, -8/121 HPs)
             Began as a Troll Berserker on Feb 4, 2017.
             Was an Elder of Trog.
             Mangled by a vampire mosquito (10 damage)
             ... in the Dungeon (Sprint VI: "Thunderdome").
             The game lasted 00:08:51 (426 turns).

dvd the Basher (Troll Berserker)                     Turns: 426, Time: 00:08:51

Health: -8/121     AC:  7    Str: 34    XL:     7   Next: 55%
Magic:  7/7        EV: 15    Int:  2    God:    Trog [****..]
Gold:   100        SH:  0    Dex: 15    Spells: 6/6 levels left

rFire    + . .     SeeInvis .   r - +6 club
rCold    + . .     Gourm    +   s - +2 robe {rC+}
rNeg     + . .     Faith    +   (no shield)
rPois    +         Spirit   .   (helmet restricted)
rElec    +         Reflect  .   (no cloak)
rCorr    .         Harm     .   (gloves unavailable)
MR       +....     NoTele   +   (boots unavailable)
Stlth    ..........             p - amulet of Scepticism {Faith rElec rPois rF+ Dex+3}
Regen    0.7/turn               a - ring "Ubbock" {Str+3 Int-5 Dex+3 Slay+2}
                                o - ring "Osifuunamo" {rElec rN+ MR+ Int+4 Dex-2}

@: berserking, very quick
A: unfitting armour, claws 3, fast metabolism 3, gourmand, regeneration 1,
shaggy fur 1, tough skin 2
a: Berserk, Trog's Hand, Brothers in Arms, Burn Spellbooks, Renounce Religion


You were in the Dungeon.
You worshipped Trog.
Trog was greatly pleased with you.
You were not hungry.

You visited 1 branch You collected 280 gold pieces.
You spent 180 gold pieces at shops.

Inventory:

Hand Weapons
 r - a +6 club (weapon)
Missiles
 u - 3 stones (quivered)
Armour
 b - a +0 animal skin
 s - a +2 robe of cold resistance (worn)
Jewellery
 a - the ring "Ubbock" (right claw) {Str+3 Int-5 Dex+3 Slay+2}
   (You bought it in a shop in the Dungeon)

   [ring of dexterity]

   It affects your strength (+3).
   It affects your intelligence (-5).
   It affects your dexterity (+3).
   It affects your accuracy and damage with ranged weapons and melee attacks
   (+2).
 n - the ring "Yrrupt" {rPois Str+6}
   (You bought it in a shop in the Dungeon)

   [ring of poison resistance]

   It affects your strength (+6).
   It protects you from poison.
 o - the ring "Osifuunamo" (left claw) {rElec rN+ MR+ Int+4 Dex-2}
   (You bought it in a shop in the Dungeon)

   [ring of protection from magic]

   It affects your intelligence (+4).
   It affects your dexterity (-2).
   It insulates you from electricity.
   It protects you from negative energy.
   It affects your resistance to hostile enchantments.
 p - the amulet of Scepticism (around neck) {Faith rElec rPois rF+ Dex+3}
   (You bought it in a shop in the Dungeon)

   [amulet of faith]

   It allows you to gain divine favour quickly.
   It affects your dexterity (+3).
   It protects you from fire.
   It insulates you from electricity.
   It protects you from poison.
Wands
 j - a wand of acid (2/15)
 k - a wand of iceblast (1/15)
 q - a wand of flame (0/48)
Scrolls
 i - 2 scrolls of blinking
 l - 2 scrolls of fog
Potions
 d - a potion of curing
 e - 3 potions of heal wounds
 f - 4 potions of haste
 g - 2 potions of magic
 h - a potion of berserk rage
 m - a potion of resistance
Comestibles
 c - 2 bread rations
 t - 2 chunks of flesh


   Skills:
 + Level 8.5 Fighting
 + Level 9.3 Maces & Flails
 + Level 7.9 Dodging
 + Level 0.4 Stealth
 + Level 2.3 Evocations


You had 6 spell levels left.
You didn't know any spells.

Dungeon Overview and Level Annotations

Branches:
Dungeon (1/1)

Altars:
Cheibriados
Dithmenos
Fedhas
Gozag
Kikubaaqudgha
Makhleb
Okawaru
Qazlal
Ru
Sif Muna
Trog
Uskayaw
Vehumet
Xom
Yredelemnul
Zin
The Shining One
Beogh
Jiyva
Lugonu

Shops:
D *[%??*?*:[((!!!!


Innate Abilities, Weirdness & Mutations

You are too large for most types of armour.
You have claws for hands.
Your metabolism is lightning-fast.
You like to eat raw meat.
Your natural rate of healing is unusually fast.
You are covered in fur. (AC +1)
You have very tough skin. (AC +2)


Message History

The vampire mosquito draws strength from your injuries!
Your ogre closely misses the vampire mosquito.
The vampire mosquito bites you but does no damage.
You barely miss the vampire mosquito.
The vampire mosquito is heavily damaged.
The vampire mosquito misses you.
The vampire mosquito completely misses you.
Your ogre closely misses the vampire mosquito.
You bludgeon the vampire mosquito!!
You feel the power of Trog in you as your rage grows.
You destroy the vampire mosquito!
Trog accepts your kill. The vampire mosquito bites you!
* * * LOW HITPOINT WARNING * * *
The vampire mosquito draws strength from your injuries!
You thump the vampire mosquito!
The vampire mosquito is heavily damaged.
Your ogre barely misses the vampire mosquito.
The insubstantial wisp blinks!
The vampire mosquito bites you!
You die...

##∩.....∩## #∩.......∩#
#_......._# #_.....%..#
#........_# ###........%###
#⌠........O..⌠#
######.8.......y.8.######
##∩.._......###@(§...___∩##
##∩........8.# #.8..%...%.∩###
.............###.............##
....).....###...###..........⌠#
..........# #.<.# #.....)(...⌠#
..........###...###.v.(..(...⌠#
.............###.............##
##∩........8.# #.8..÷%....∩###
##∩___..)...###......___∩##


You could see a vampire mosquito, an insubstantial wisp and a friendly ogre
(berserk).

Vanquished Creatures
  A vampire mosquito (D)
  A soldier ant (D)
  2 swamp drakes (D)
  A bullfrog (D)
  A killer bee (D)
  Jessica (D)
  4 worker ants (D)
  A goblin (D)
  A quokka (D)
  5 kobolds (D)
18 creatures vanquished.

Vanquished Creatures (collateral kills)
  A bog body (D)
1 creature vanquished.

Grand Total: 19 creatures vanquished

Notes
Turn   | Place    | Note
-------+----------+-------------------------------------------
     0 | D        | dvd the Troll Berserker began the quest for the Orb.
     0 | D        | Reached XP level 1. HP: 22/22 MP: 0/0
     1 | D        | Found a blossoming altar of Fedhas.
     2 | D        | Found a viscous altar of Jiyva.
     3 | D        | Found a snail-covered altar of Cheibriados.
     4 | D        | Found Ezidwy's Bee Food.
     4 | D        | Found a basalt altar of Yredelemnul.
     4 | D        | Found a deep blue altar of Sif Muna.
     4 | D        | Found Uliron's Identification Station.
     5 | D        | Found Aceqiaje's Jewellery.
     5 | D        | Found Qyl Vuog's Advanced Armour.
     5 | D        | Round 1.
    13 | D        | Bought a scorched granite ring for 45 gold pieces
    13 | D        | Bought a bound brass ring for 45 gold pieces
    13 | D        | Bought a slimy ivory amulet for 45 gold pieces
    13 | D        | Identified the amulet of Scepticism {Faith rElec rPois rF+ Dex+3} (You bought it in a shop in the Dungeon)
    14 | D        | Identified the ring "Osifuunamo" {rElec rN+ MR+ Int+4 Dex-2} (You bought it in a shop in the Dungeon)
    15 | D        | Identified the ring "Yrrupt" {rPois Str+6} (You bought it in a shop in the Dungeon)
    18 | D        | Noticed Jessica
    20 | D        | Found a glowing golden altar of the Shining One.
    21 | D        | Found a sacrificial altar of Ru.
    22 | D        | Found a shadowy altar of Dithmenos.
    23 | D        | Found Opaxis's Premium Goods.
    27 | D        | Killed Jessica
    27 | D        | Reached skill level 4 in Maces & Flails
    27 | D        | Reached XP level 2. HP: 19/32 MP: 1/1
    28 | D        | Found Inylutayt's Miscellaneous Merchandise.
    28 | D        | Found Kalu's Basic Armour.
    39 | D        | Found a stormy altar of Qazlal.
    39 | D        | Found a shimmering altar of Xom.
    39 | D        | Found a corrupted altar of Lugonu.
    39 | D        | Found Giamu's Weapon Rack.
    41 | D        | Reached ** piety under Trog
    47 | D        | Noticed Terence
    54 | D        | Found an ancient bone altar of Kikubaaqudgha.
    55 | D        | Found Poheb's Bottled Wisdom.
    55 | D        | Found a glowing silver altar of Zin.
    55 | D        | Found a radiant altar of Vehumet.
    55 | D        | Found Urhe's Do-It-Yourself Clinic.
    55 | D        | Found Goisyxta's Distillery.
    55 | D        | Found a bloodstained altar of Trog.
    55 | D        | Found a roughly hewn altar of Beogh.
    55 | D        | Found an opulent altar of Gozag.
    55 | D        | Found Vetigoe's Distillery.
    58 | D        | Found a hide-covered altar of Uskayaw.
    65 | D        | Reached XP level 3. HP: 23/39 MP: 2/2
    74 | D        | Arena points: 5 (+5) [x1]
    81 | D        | Found an iron altar of Okawaru.
    84 | D        | Found Coaxoip's Staff Store.
    86 | D        | Found a burning altar of Makhleb.
    86 | D        | Found Kiyruew's Magic Scroll Shop.
    87 | D        | Found Emaaguem's Must-Have Magic.
    87 | D        | Found Bejo Leo's Magic Scroll Shop.
    89 | D        | Round 2.
    89 | D        | Noticed a soldier ant
    93 | D        | Noticed a killer bee
   109 | D        | Reached skill level 5 in Maces & Flails
   109 | D        | Reached XP level 4. HP: 25/49 MP: 3/3
   111 | D        | Killed a soldier ant
   111 | D        | Reached *** piety under Trog
   111 | D        | Reached skill level 6 in Maces & Flails
   111 | D        | Reached skill level 5 in Dodging
   111 | D        | Reached XP level 5. HP: 27/59 MP: 4/4
   118 | D        | HP: 1/91 [worker ant (5)]
   121 | D        | Reached skill level 7 in Maces & Flails
   131 | D        | Reached **** piety under Trog
   131 | D        | Arena points: 29 (+24) [x2]
   131 | D        | Reached XP level 6. HP: 15/68 MP: 5/5
   167 | D        | Round 3.
   234 | D        | Bought a twitching steel ring for 45 gold pieces
   235 | D        | Identified the ring "Ubbock" {Str+3 Int-5 Dex+3 Slay+2} (You bought it in a shop in the Dungeon)
   272 | D        | Arena points: 47 (+18) [x1]
   287 | D        | Round 4.
   290 | D        | Noticed a bog body
   292 | D        | Reached ***** piety under Trog
   292 | D        | Reached skill level 1 in Evocations
   299 | D        | Killed a bog body
   299 | D        | Reached skill level 8 in Maces & Flails
   303 | D        | Noticed a swamp drake
   319 | D        | Killed a swamp drake
   319 | D        | Reached XP level 7. HP: 79/79 MP: 7/7
   410 | D        | Noticed a vampire mosquito
   411 | D        | Noticed a vampire mosquito
   419 | D        | Reached skill level 9 in Maces & Flails
   425 | D        | Killed a vampire mosquito
   425 | D        | HP: 2/121 [vampire mosquito (12)]
   426 | D        | Mangled by a vampire mosquito

Vault maps used:
D:        arena_sprint

Skill      XL: |  1  2  3  4  5  6  7 |
---------------+----------------------+-----
Fighting       | 3 4 6 7 8 |  8.5
Maces & Flails | 4 5 6 7 8 9 |  9.3
Dodging        | 3 4 5 6 7 |  7.9
Evocations     | 1 2 |  2.3
Stealth        | |  0.4

Action                   |  1- 3 |  4- 6 |  7- 9 || total
-------------------------+-------+-------+-------++-------
Melee: Mace              |     3 |       |       ||     3
       Club              |    19 |    27 |    12 ||    58
Invok: Berserk           |     2 |       |     1 ||     3
       Trog's Hand       |     2 |     2 |       ||     4
       Brothers in Arms  |       |     1 |     1 ||     2
Evoke: Wand              |     3 |     6 |       ||     9
  Use: Scroll            |     3 |       |       ||     3
       Potion            |     1 |       |       ||     1
 Stab: Distracted        |       |       |     1 ||     1
  Eat: Chunk             |       |     7 |       ||     7
Armor: Skin              |     1 |     1 |       ||     2
       Robe              |       |     1 |     5 ||     6
Dodge: Dodged            |    18 |    19 |    18 ||    55
